 Seeded DCSS version 0.30-a0-134-gb40fab5c76 (webtiles) character file.

Game seed: 17990219230249953347 (custom seed)

122 innerfire433 the Poker (level 4, -2/38 HPs)
             Began as a Demonspawn Monk on Sept 20, 2022.
             Succumbed to Robin's poison
             ... on level 2 of the Dungeon.
             The game lasted 00:03:49 (1983 turns).

innerfire433 the Poker (Demonspawn Monk)            Turns: 1983, Time: 00:03:49

Health: -2/38      AC: -4    Str: 14    XL:     4   Next: 78%
Magic:  4/4        EV: 12    Int: 11    God:
Gold:   39         SH:  4    Dex: 15    Spells: 3/3 levels left

rFire   . . .      SeeInvis .    d - +0 trident (flame)
rCold   . . .      Faith    .    e - +0 buckler
rNeg    . . .      Spirit   .    b - +0 robe
rPois   .          Reflect  .    (no helmet)
rElec   .          Harm     .    (no cloak)
rCorr   .          Rampage  .    (no gloves)
Will    .....                    (no boots)
Stlth   ++........               (no amulet)
HPRegen 0.12/turn                (no ring)
MPRegen 0.09/turn                (no ring)

@: lethally poisoned (-2 -> -20), corroded
A: rugged brown scales 2
a: no special abilities


You were on level 2 of the Dungeon.
You visited 1 branch of the dungeon, and saw 2 of its levels.

You collected 93 gold pieces.
You spent 54 gold pieces at shops.

Inventory:

Hand Weapons
 a - a +0 spear
 d - a +0 trident of flaming (weapon)
Armour
 b - a +0 robe (worn)
 e - a +0 buckler (worn)
Scrolls
 f - 2 scrolls of teleportation {unknown}


   Skills:
 + Level 3.6 Fighting
 * Level 3.8 Polearms
 + Level 3.3 Dodging
 - Level 2.0 Stealth
 + Level 1.0 Shields


You had 3 spell levels left.
You didn't know any spells.
Your spell library contained the following spells:

 Spells                   Type           Power      Damage    Failure   Level
 Apportation              Tloc           0%         N/A       43%         1
 Beastly Appendage        Tmut           0%         N/A       43%         1
 Necrotise                Necr           0%         1d4       43%         1
 Summon Small Mammal      Summ           0%         N/A       43%         1
 Wereblood                Tmut           0%         N/A       58%         2
 Spider Form              Tmut/Pois      0%         N/A       82%         3


Dungeon Overview and Level Annotations

Branches:
Dungeon (2/15)

Altars:

Shops:
D:2 =*[=

Annotations:
D:2 Robin


Innate Abilities, Weirdness & Mutations

You are mostly covered in rugged brown scales. (AC +2, +5% HP)


Message History

Reach: d) +0 trident (flame)
Press: ? - help, Dir - move target, f/p - Sigmund
Aim: Sigmund, wielding a +0 scythe and wearing a +2 robe of fire resistance (heavily wounded, about 45% to evade your +0 trident of flaming)
The goblin is in the way.
You hit the goblin. You burn the goblin.
The goblin is heavily wounded.
The goblin barely misses you. The goblin hits you but does no damage.
You hit the goblin. You burn the goblin.
You kill the goblin!
Sigmund misses you. The goblin closely misses you. Robin closely misses you.
Sigmund casts a spell.
Sigmund flickers and vanishes!
Deactivating autopickup; reactivate with Ctrl-A.
Items here: ))))))) ††††.
You barely miss something.
Robin says, "My army is invincible!"
Robin zaps a wand.
Sigmund appears out of thin air!
Reactivating autopickup.
The goblin hits you but does no damage.
You hit Sigmund. You burn Sigmund. The acid corrodes you!
Your hands burn!
Sigmund is almost dead.
Robin hits you from afar with a +0 trident of venom.
You are poisoned.
The goblin hits you with a +0 dagger. Sigmund hits you. The acid corrodes you!
You are splashed with acid!
* * * LOW HITPOINT WARNING * * *
You aren't carrying any potions.
You hit Sigmund. You burn Sigmund.
You kill Sigmund!
Sigmund returns to his original shape as he dies.
* * * LOW HITPOINT WARNING * * *
You feel sick. You block the goblin's attack.
Robin hits you from afar with a +0 trident of venom.
* * * LOW HITPOINT WARNING * * *
You are more poisoned.
Your Shields skill increases to level 1!
As you read the scroll labelled KASTO AMUNG, it crumbles to dust.
The creatures around you are filled with an inner flame!
It was a scroll of immolation.
You die...

###### .....# ####.#
#.################..#
#...........g@)ggg..#
###################.#
##### <....


You could see Robin (inner flame), 2 hobgoblins and a goblin (inner flame).

Vanquished Creatures
  A jelly (D:2)
  Terence (D:2)
  2 adders (D:2)
  3 endoplasms
  A giant cockroach (D:2)
  10 goblins
  5 hobgoblins
  4 jackals (D:2)
  A kobold (D:1)
  2 quokkas (D:1)
  4 ball pythons
  3 bats (D:1)
  A frilled lizard (D:1)
  5 rats
43 creatures vanquished.

Notes
Turn   | Place    | Note
-------+----------+-------------------------------------------
     0 | D:1      | innerfire433 the Demonspawn Monk began the quest for the
                  | Orb.
     0 | D:1      | Reached XP level 1. HP: 18/18 MP: 1/1
   349 | D:1      | Gained mutation: You are partially covered in rugged brown
                  | scales. (AC +1, +3% HP) [demonic ancestry]
   349 | D:1      | Reached XP level 2. HP: 13/24 MP: 2/2
   757 | D:1      | You fall into a shaft and drop 1 floor!
   759 | D:2      | Found Unelaong's Jewellery Emporium.
  1110 | D:2      | Gained mutation: You are mostly covered in rugged brown
                  | scales. (AC +2, +5% HP) [demonic ancestry]
  1110 | D:2      | Reached XP level 3. HP: 22/30 MP: 3/3
  1220 | D:2      | Found Hiojumir's Jewellery Boutique.
  1232 | D:2      | Found Kesoowipa's Armour Shop.
  1232 | D:2      | Found Cenax's General Store.
  1290 | D:2      | Bought a +0 buckler for 54 gold pieces
  1302 | D:2      | Noticed Terence
  1316 | D:2      | Killed Terence
  1561 | D:2      | Reached XP level 4. HP: 36/36 MP: 4/4
  1939 | D:2      | Noticed Robin
  1946 | D:2      | Noticed Sigmund
  1980 | D:2      | Noticed Sigmund
  1982 | D:2      | Killed Sigmund the jelly
  1983 | D:2      | Reached skill level 1 in Shields
  1983 | D:2      | Succumbed to Robin's poison

Illustrated notes

Levels and vault maps discovered:
D:1:      nicolae_arrival_memento_mori, layout_loops_ring, bh_walls_and_bars
D:2:      layout_loops_ring, serial_shops, shop, nicolae_shop_waterfront,
          nicolae_shop_crystal, shop_statue, basic_altar, uniq_robin,
          uniq_sigmund, uniq_terence

Skill      XL: |  1  2  3  4 |
---------------+-------------+-----
Stealth        | 2 |  2.0
Polearms       | 3 |  3.8
Dodging        | 3 |  3.3
Shields        | 1 |  1.0
Fighting       | |  3.6

Action                   |  1- 3 |  4- 6 || total
-------------------------+-------+-------++-------
Melee: Spear             |    47 |       ||    47
       Punch             |     3 |       ||     3
       Trident           |    67 |    42 ||   109
  Use: Scroll            |     1 |     1 ||     2
       Potion            |       |     1 ||     1
 Stab: Sleeping          |     6 |       ||     6
       Distracted        |     1 |       ||     1
Armor: Robe              |    26 |    18 ||    44
Dodge: Dodged            |    63 |    44 ||   107
Block: Buckler           |     1 |    10 ||    11

Table legend: (Time is in decaauts)
 A = Elapsed time spent in this place.
 B = Non-inter-level travel time spent in this place.
 C = Inter-level travel time spent in this place.
 D = Time resting spent in this place.
 E = Time spent auto-exploring this place.
 F = Levels seen in this place.
 G = Mean time per level.
                   A        B        C        D        E       F      G
               +--------+--------+--------+--------+--------+-----+--------+
         Total |   1999 |   1957 |     42 |      0 |   1663 |   2 |  999.5 |
       Dungeon |   1999 |   1957 |     42 |      0 |   1663 |   2 |  999.5 |
               +--------+--------+--------+--------+--------+-----+--------+

Top non-repeatable levels by time:
     D:1: 1023 daAuts
     D:2: 975 daAuts
